 Dungeon Crawl Stone Soup version 0.29.1-14-g9c671dbff4 (webtiles) character file.

Game seed: 5090839068024697280

357 rhet the Conjurer (level 6, 0/57 (69) HPs)
             Began as a Demigod Conjurer on Feb 18, 2023.
             Slain by a gnoll bouda
             ... wielding a +0 whip of draining
              (7 damage)
             ... on level 4 of the Dungeon.
             The game lasted 00:09:32 (6191 turns).

rhet the Conjurer (Demigod Conjurer)                Turns: 6191, Time: 00:09:32

HP:   0/57 (69)     AC: 23    Str:  8    XL:     6   Next: 13%
MP:   7/13          EV:  2    Int: 24    God:
Gold: 123           SH:  0    Dex: 16    Spells: 5/11 levels left

rFire   . . .      SeeInvis .   e - +0 hand axe
rCold   . . .      Faith    .   (no shield)
rNeg    . . .      Spirit   .   (body armour currently unavailable)
rPois   +          Reflect  .   (helmet currently unavailable)
rElec   .          Harm     .   (cloak currently unavailable)
rCorr   .          Rampage  .   (gloves currently unavailable)
Will    .....      NoTele   +   (boots currently unavailable)
Stlth   ++........              (no amulet)
HPRegen 0.19/turn               c - +4 ring of evasion
MPRegen 0.13/turn               (no ring)

@: tree-form, heavily drained
A: stationary, stasis, torment immunity, boosted hp, high MP 1, forlorn, divine
attributes
a: no special abilities


You were on level 4 of the Dungeon.
You were a tree.
You visited 1 branch of the dungeon, and saw 4 of its levels.

You collected 123 gold pieces.

Inventory:

Hand Weapons
 e - a +0 hand axe (weapon)
 k - a +0 shortbow
Armour
 a - a +0 robe (melded)
 j - a +0 helmet (melded)
Jewellery
 c - a +4 ring of evasion (left branch)
 p - an amulet of reflection
Wands
 l - a wand of paralysis (13)
Scrolls
 d - 3 scrolls of noise {unknown}
 g - 8 scrolls of teleportation
 i - a scroll of poison {unknown}
 m - a scroll of magic mapping {unknown}
 o - a scroll of vulnerability {unknown}
 q - a scroll of identify
 s - a scroll of silence {unknown}
Potions
 h - a potion of mutation
 n - 2 potions of flight
 r - a potion of might {unknown}


   Skills:
 - Level 0.9 Fighting
 - Level 2.1 Axes
 + Level 2.5 Dodging
 + Level 2.1 Stealth
 + Level 3.0 Spellcasting
 * Level 5.4 Conjurations


You had 5 spell levels left.
You knew the following spells:

 Your Spells              Type           Power      Damage    Failure   Level
a - Magic Dart            Conj           100%       1d8       1%          1
b - Searing Ray           Conj           58%        2d6       1%          2
c - Dazzling Flash        Conj/Hex       32%        N/A       11%         3

Your spell library contained the following spells:

 Spells                   Type           Power      Damage    Failure   Level
 Fulminant Prism          Conj/Hex       8%         3d7       34%         4
 Iskenderun's Mystic Bla  Conj/Tloc      16%        2d5       34%         4


Dungeon Overview and Level Annotations

Branches:
Dungeon (4/15)
 Temple: D:4-7


Innate Abilities, Weirdness & Mutations

You are a tree.
Your roots penetrate the ground, keeping you stationary.
You cannot be teleported.
You are immune to unholy pain and torment.
Your maximum health is greatly increased.
Your equipment is partially melded.
You have an increased reservoir of magic. (+10% MP)
You shall have no god before yourself.
Your divine heritage dramatically boosts your attributes as you level up.


Message History

The gnoll bouda hits you but does no damage.
You feel drained.
The orc wizard hits you but does no damage.
Unknown command.
Casting: Searing Ray (safe; 1% risk of failure)
Confirm with . or Enter, or press ? or * to list all spells.
Aiming: Magic Dart (safe; 1% risk of failure)
Press: ? - help, Shift-Dir - straight line The magic dart hits the orc wizard.
You kill the orc wizard!
The gnoll hits you with a +0 whip.
* * * LOW HITPOINT WARNING * * *
The gnoll bouda hits you with a +0 whip of draining.
* * * LOW HITPOINT WARNING * * *
You feel drained.
* * * LOW HITPOINT WARNING * * *
Your Spellcasting skill increases to level 3!
Casting: Magic Dart (safe; 1% risk of failure)
Confirm with . or Enter, or press ? or * to list all spells.
Aiming: Searing Ray (safe; 1% risk of failure)
Press: ? - help, Shift-Dir - straight line, f - gnoll
Aim: a gnoll, wielding a +0 whip (covering ground quickly, 82% to hit)
The searing ray hits the gnoll!
The gnoll is heavily wounded. (Press . to maintain the ray.)
The gnoll hits you but does no damage.
The gnoll bouda hits you with a +0 whip of draining.
* * * LOW HITPOINT WARNING * * *
You feel drained.
* * * LOW HITPOINT WARNING * * *
Casting: Searing Ray (safe; 1% risk of failure)
Confirm with . or Enter, or press ? or * to list all spells.
Restarting spell: Searing Ray (safe; 1% risk of failure)
Press: ? - help, Shift-Dir - straight line, f/p - gnoll
Aim: a gnoll, wielding a +0 whip (heavily wounded, covering ground quickly, 82% to hit)
The searing ray hits the gnoll.
You kill the gnoll! (Press . to maintain the ray.)
The gnoll bouda hits you with a +0 whip of draining!
You die...

#.########.##.#######.#
#.# #.##.# #.# #.#
#.##.#######.#########
#.#
#.#.................>.
#.#
#.#..#######.#.######
#<# #......).....<...#
### #..########.#..#.#
#>..))g# #.......#
######♣###.......#
#))##.......#
##)###.#..#.# #.#
#.#..#.# ###.# #.#..#.#
#...### ####.# #.....#
.. #...........
#.........##


You could see a gnoll bouda.

Vanquished Creatures
  Sigmund (D:2)
  An orc priest (D:4)
  2 orc wizards (D:4)
  3 gnolls (D:4)
  3 adders (D:3)
  3 worms
  4 dart slugs
  2 orcs (D:4)
  5 bats
  3 endoplasms (D:1)
  2 giant cockroaches
  4 goblins
  6 hobgoblins
  4 jackals (D:2)
  3 kobolds
  4 quokkas (D:1)
  10 ball pythons
  3 frilled lizards
  3 rats
66 creatures vanquished.

Notes
Turn   | Place    | Note
-------+----------+-------------------------------------------
     0 | D:1      | rhet the Demigod Conjurer began the quest for the Orb.
     0 | D:1      | Reached XP level 1. HP: 14/14 MP: 5/5
   824 | D:1      | Reached skill level 4 in Conjurations
   850 | D:1      | Reached XP level 2. HP: 16/20 MP: 5/7
  2306 | D:1      | Reached XP level 3. HP: 15/26 MP: 4/8
  2310 | D:1      | Learned a level 2 spell: Searing Ray
  3222 | D:2      | Noticed Sigmund
  3767 | D:3      | Reached skill level 1 in Axes
  4227 | D:3      | Reached XP level 4. HP: 34/34 MP: 2/9
  5410 | D:2      | Killed Sigmund
  5411 | D:2      | Reached skill level 5 in Conjurations
  5411 | D:2      | Reached XP level 5. HP: 39/39 MP: 3/12
  5579 | D:2      | Learned a level 3 spell: Dazzling Flash
  6186 | D:4      | Reached XP level 6. HP: 20/43 MP: 4/13
  6191 | D:4      | Slain by a gnoll bouda

Illustrated notes

Levels and vault maps discovered:
D:1:      psy_arrival_radial02, layout_basic
D:2:      layout_basic, chequers_ecumenical_altar_simple_redux, minivault_4,
          uniq_sigmund
D:3:      layout_loops_ring, serial_glass, glass_columns_b, glass_columns_a,
          minivault_27
D:4:      layout_basic, grunt_temple_overflow_open, gammafunk_ghost_stat_death

Skill      XL: |  1  2  3  4  5  6 |
---------------+-------------------+-----
Conjurations   | 4 5 |  5.4
Dodging        | 2 |  2.5
Spellcasting   | 2 3 |  3.0
Axes           | 1 2 |  2.1
Stealth        | 2 |  2.1
Fighting       | |  0.9

Action                   |  1- 3 |  4- 6 || total
-------------------------+-------+-------++-------
Melee: Hand axe          |    68 |    13 ||    81
       Unarmed           |     1 |       ||     1
 Cast: Magic Dart        |    53 |    37 ||    90
       Searing Ray       |     8 |    11 ||    19
  Use: Scroll            |     2 |     3 ||     5
       Potion            |       |     4 ||     4
 Stab: Sleeping          |     3 |     1 ||     4
Armor: Robe              |    16 |       ||    16
       Skin              |       |    36 ||    36
Dodge: Dodged            |    74 |    10 ||    84
